 Dungeon Crawl Stone Soup version 0.28-b1-25-g9875b3fc8c (webtiles) character file.

Game seed: 13869370053664040496

428 Devinter the Chopper (level 6, -6/56 HPs)
             Began as a Minotaur Fighter on Feb 1, 2022.
             Was an Initiate of Makhleb.
             Mangled by Eustachio (13 damage)
             ... on level 5 of the Dungeon.
             The game lasted 00:21:42 (4147 turns).

Devinter the Chopper (Minotaur Fighter)             Turns: 4147, Time: 00:21:43

Health: -6/56      AC: 11    Str: 21    XL:     6   Next: 65%
Magic:  5/5        EV:  9    Int:  5    God:    Makhleb [......]
Gold:   183        SH:  5    Dex: 11    Spells: 5/5 levels left

rFire   . . .      SeeInvis .   a - +0 war axe
rCold   . . .      Faith    .   c - +0 buckler
rNeg    . . .      Spirit   .   b - +0 scale mail
rPois   .          Reflect  .   (helmet restricted)
rElec   .          Harm     .   (no cloak)
rCorr   .          Rampage  .   (no gloves)
Will    .....                   (no boots)
Stlth   ..........              (no amulet)
HPRegen 0.18/turn               t - +4 ring of protection
MPRegen 0.09/turn               (no ring)

@: no status effects
A: horns 2, retaliatory headbutt
a: Renounce Religion


You were on level 5 of the Dungeon.
You worshipped Makhleb.
Makhleb was noncommittal.
You visited 2 branches of the dungeon, and saw 6 of its levels.

You collected 183 gold pieces.

Inventory:

Hand Weapons
 a - a +0 war axe (weapon)
 s - a +0 short sword of electrocution
Missiles
 h - 13 arrows
 j - 11 boomerangs (quivered)
 r - 10 sling bullets
Armour
 b - a +0 scale mail (worn)
 c - a +0 buckler (worn)
Magical Staves
 v - a staff of fire
Jewellery
 t - a +4 ring of protection (left hand)
 w - a ring of positive energy
 x - a ring of magical power
Scrolls
 i - 2 scrolls of teleportation {unknown}
 l - a scroll of fear {unknown}
 m - a scroll of magic mapping {unknown}
 p - 3 scrolls of identify {unknown}
 q - 2 scrolls of blinking {unknown}
 y - a scroll of vulnerability {unknown}
 z - a scroll of enchant weapon {unknown}
 A - a scroll of immolation {unknown}
Potions
 d - 2 potions of might
 e - a potion of invisibility {unknown}
 f - a potion of curing {unknown}
 g - a potion of brilliance {unknown}
 k - a potion of flight {unknown}
 n - a potion of haste {unknown}
 o - 2 potions of heal wounds {unknown}
 u - 2 potions of mutation {unknown}


   Skills:
 - Level 5.0 Fighting
 + Level 6.3 Axes
 - Level 5.0 Armour
 - Level 5.0 Shields


You had 5 spell levels left.
You didn't know any spells.
Your spell library contained the following spells:

 Spells                   Type           Power      Damage    Failure   Level
 Sting                    Tmut/Pois      0%         1d3       87%         1
 Poisonous Vapours        Pois/Air       0%         N/A       95%         2
 Dazzling Flash           Conj/Hex       0%         N/A       99%         3
 Olgreb's Toxic Radiance  Pois           0%         N/A       100%        4
 Agony                    Necr           0%         N/A       100%        5
 Silence                  Hex/Air        0%         N/A       100%        5


Dungeon Overview and Level Annotations

Branches:
Dungeon (5/15)             Temple (1/1) D:5

Altars:
Ashenzari
Dithmenos
Elyvilon
Kikubaaqudgha
Makhleb
Uskayaw
Wu Jian

Annotations:
D:5 Eustachio


Innate Abilities, Weirdness & Mutations

You have a pair of horns on your head.
You reflexively headbutt those who attack you in melee.


Message History

Eustachio barely misses you.
You completely miss Eustachio. Your headbutt misses Eustachio.
Eustachio is lightly wounded.
Eustachio hits you with a +0 rapier of electrocution.
You hit Eustachio. Your headbutt misses Eustachio.
Eustachio is lightly wounded.
The white imp grinds its teeth.
Eustachio hits you but does no damage.
You hit Eustachio.
Eustachio is lightly wounded.
Eustachio mumbles some strange words.
You hit Eustachio but do no damage.
You headbutt Eustachio, but do no damage.
Eustachio is lightly wounded.
Eustachio barely misses you. You furiously retaliate!
You headbutt Eustachio! You closely miss Eustachio.
Eustachio is heavily wounded.
You block Eustachio's attack.
Eustachio hits you with a +0 rapier of electrocution!
You slash Eustachio!
Eustachio is severely wounded.
Eustachio hits you but does no damage.
You are electrocuted!
* * * LOW HITPOINT WARNING * * *
You hit Eustachio.
Eustachio is almost dead.
Eustachio hits you with a +0 rapier of electrocution.
* * * LOW HITPOINT WARNING * * *
You closely miss Eustachio.
Eustachio is almost dead.
Eustachio screams, "Hey, you killed my favourite bat!"
You block Eustachio's attack.
You hit Eustachio. Your headbutt misses Eustachio.
Eustachio is almost dead.
Eustachio hits you with a +0 rapier of electrocution.
* * * LOW HITPOINT WARNING * * *
Eustachio hits you with a +0 rapier of electrocution.
* * * LOW HITPOINT WARNING * * *
You are electrocuted!
You die...

..........r..####.........#
.........#...# ###.......#
........##...# #####...#
...........### #...#
...........# ####...#
.###.......##### #......#
........#....r5## #.######
.##...#.#....#5@## #.#
........########@# #.#
.....#####⌠...⌠#####.#
#....#...#.....#...#.#
#......⌠....>....⌠...#
#....#...#.....#...###
#....#####⌠...⌠#####
#.....# ####### #######


You could see Eustachio, 2 white imps and a quokka (summoned).

Vanquished Creatures
  3 wights
  An orc priest (D:4)
  Ijyb (D:2)
  2 iguanas
  2 orc wizards (D:5)
  Robin (D:2)
  A howler monkey skeleton (D:5)
  4 adders
  An adder skeleton (D:4)
  A worm (D:2)
  A dart slug (D:1)
  8 orcs
  4 ball pythons
  3 endoplasms (D:1)
  3 giant cockroaches
  15 goblins
  8 hobgoblins
  2 jackals (D:2)
  7 kobolds
  3 quokkas
  5 bats
  3 frilled lizards
  3 rats
82 creatures vanquished.

Vanquished Creatures (others)
  2 plants (D:2)
  4 toadstools (D:1)
6 creatures vanquished.

Grand Total: 88 creatures vanquished

Notes
Turn   | Place    | Note
-------+----------+-------------------------------------------
     0 | D:1      | Devinter the Minotaur Fighter began the quest for the Orb.
     0 | D:1      | Reached XP level 1. HP: 19/19 MP: 0/0
    68 | D:1      | Reached XP level 2. HP: 27/27 MP: 1/1
   265 | D:1      | Found a faded altar of an unknown god.
   433 | D:1      | Reached skill level 4 in Fighting
   484 | D:1      | Reached skill level 4 in Armour
   867 | D:2      | Reached skill level 4 in Shields
  1031 | D:2      | Reached skill level 3 in Axes
  1031 | D:2      | Reached XP level 3. HP: 33/33 MP: 2/2
  1860 | D:3      | Noticed Ijyb
  1867 | D:3      | Noticed Robin
  1887 | D:2      | Killed Ijyb
  1888 | D:2      | Reached XP level 4. HP: 10/41 MP: 3/3
  2133 | D:2      | Killed Robin
  2612 | D:4      | Found a white marble altar of Elyvilon.
  2699 | D:4      | Reached XP level 5. HP: 24/47 MP: 4/4
  2746 | D:3      | HP: 4/45 [wight (2)]
  2755 | D:3      | Reached skill level 4 in Axes
  2871 | D:4      | Reached skill level 5 in Fighting
  2871 | D:4      | Reached skill level 5 in Armour
  2871 | D:4      | Reached skill level 5 in Shields
  3155 | D:4      | Reached XP level 6. HP: 38/53 MP: 5/5
  3168 | D:4      | Reached skill level 5 in Axes
  3559 | D:4      | Found an ancient bone altar of Kikubaaqudgha.
  3855 | D:5      | Entered Level 5 of the Dungeon
  3873 | D:5      | Found a staircase to the Ecumenical Temple.
  3885 | Temple   | Entered the Ecumenical Temple
  3949 | Temple   | Became a worshipper of Makhleb the Destroyer
  4019 | D:5      | Reached skill level 6 in Axes
  4068 | D:5      | Noticed Eustachio
  4147 | D:5      | Mangled by Eustachio

Illustrated notes

Levels and vault maps discovered:
D:1:      ldierk_walled_garden_2, layout_basic,
          shapermc_ecumenical_altar_mp_vishouse
D:2:      layout_loops_ring, serial_forest, infiniplex_forest_end_3,
          infiniplex_forest_lined_room_2, infiniplex_forest_zigzag_2,
          infiniplex_forest_clump_long, infiniplex_forest_clump_tiny,
          infiniplex_forest_end_2, infiniplex_forest_lined_corner,
          infiniplex_forest_clump_medium
D:3:      minmay_inner_zag, layout_rooms, uniq_robin, uniq_ijyb
D:4:      layout_basic, nicolae_overflow_hidden_temple, elyvilon_altar_1,
          minivault_27, kennysheep_minor_cross
D:5:      layout_rooms, minmay_temple_entry_antechambers, minmay_misc_feat_rows,
          uniq_menkaure, uniq_eustachio
Temple:   mainiacjoe_temple_big_plus

Skill      XL: |  1  2  3  4  5  6 |
---------------+-------------------+-----
Fighting       | 4 5 |  5.0
Armour         | 4 5 |  5.0
Shields        | 4 5 |  5.0
Axes           | 3 4 6 |  6.3

Action                   |  1- 3 |  4- 6 || total
-------------------------+-------+-------++-------
Melee: War axe           |    87 |   111 ||   198
       Headbutt          |    11 |    15 ||    26
Throw: Boomerang         |       |     2 ||     2
  Use: Potion            |       |     1 ||     1
Armor: Scale mail        |    40 |    52 ||    92
Dodge: Dodged            |    47 |    49 ||    96
Block: Buckler           |    16 |    27 ||    43
